 Dungeon Crawl Stone Soup version 0.28.0-53-g5a82cb258f (webtiles) character file.

Game seed: 2865014279936804596

142 pkoi the Magician (level 4, -1/33 HPs)
             Began as a Demigod Hedge Wizard on June 6, 2022.
             Slain by a killer bee (2 damage)
             ... on level 3 of the Dungeon.
             The game lasted 00:07:00 (5856 turns).

pkoi the Magician (Demigod Hedge Wizard)            Turns: 5856, Time: 00:07:00

Health: -1/33      AC:  2    Str: 11    XL:     4   Next: 74%
Magic:  4/11       EV: 12    Int: 20    God:
Gold:   94         SH:  0    Dex: 13    Spells: 1/9 levels left

rFire   . . .      SeeInvis .   j - staff of air
rCold   . . .      Faith    .   (no shield)
rNeg    . . .      Spirit   .   b - +0 robe
rPois   .          Reflect  .   c - +0 hat
rElec   +          Harm     .   (no cloak)
rCorr   .          Rampage  .   (no gloves)
Will    .....                   (no boots)
Stlth   ++........              (no amulet)
HPRegen 0.11/turn               (no ring)
MPRegen 0.12/turn               (no ring)

@: lethally poisoned (-1 -> -12)
A: high MP 1, forlorn, divine attributes
a: no special abilities


You were on level 3 of the Dungeon.
You visited 1 branch of the dungeon, and saw 4 of its levels.

You collected 94 gold pieces.

Inventory:

Hand Weapons
 a - a +1 dagger
Armour
 b - a +0 robe (worn)
 c - a +0 hat (worn)
Magical Staves
 j - a staff of air (weapon)
Scrolls
 m - a scroll of summoning {unknown}
Potions
 d - a potion of mutation {unknown}
 e - 2 potions of haste
 f - a potion of might {unknown}
 g - a potion of heal wounds {unknown}
 h - a potion of curing {unknown}
 i - a potion of brilliance {unknown}
 k - 2 potions of flight {unknown}
 l - a potion of invisibility {unknown}


   Skills:
 - Level 1.7 Dodging
 - Level 1.7 Stealth
 - Level 3.0 Spellcasting
 + Level 3.0 Conjurations
 + Level 2.0 Summonings
 + Level 2.1 Translocations
 + Level 0.3 Air Magic
 + Level 0.2 Poison Magic


You had one spell level left.
You knew the following spells:

 Your Spells              Type           Power      Damage    Failure   Level
a - Magic Dart            Conj           60%        1d6       4%          1
b - Blink                 Tloc           22%        N/A       9%          2
c - Call Imp              Summ           11%        N/A       10%         2
d - Mephitic Cloud        Conj/Pois/Air  11%        N/A       26%         3

Your spell library contained the following spells:

 Spells                   Type           Power      Damage    Failure   Level
 Apportation              Tloc           22%        N/A       6%          1
 Summon Small Mammal      Summ           44%        N/A       6%          1
 Animate Skeleton         Necr           6%         N/A       14%         1
 Slow                     Hex            12%        N/A       14%         1
 Call Canine Familiar     Summ           11%        N/A       19%         3
 Conjure Flame            Conj/Fire      9%         6-21      22%         3
 Portal Projectile        Hex/Tloc       14%        N/A       28%         3
 Confusing Touch          Hex            3%         N/A       38%         3
 Vampiric Draining        Necr           3%         2d6       38%         3
 Leda's Liquefaction      Hex/Erth       1%         N/A       80%         4


Dungeon Overview and Level Annotations

Branches:
Dungeon (4/15)
 Temple: D:4-7

Shops:
D:1 (

Annotations:
D:3 1 runed translucent door, Sin92's ghost, amateur DsFi


Innate Abilities, Weirdness & Mutations

You have an increased reservoir of magic. (+10% MP)
You shall have no god before yourself.
Your divine heritage dramatically boosts your attributes as you level up.


Message History

There is a stone staircase leading up here.
The killer bee closely misses you. The killer bee barely misses you.
You climb upwards.
Level annotation: 1 runed translucent door, Sin92's ghost, amateur DsFi
There is a stone staircase leading down here.
Unknown command.
Casting: Magic Dart (safe; 4% risk of failure)
Confirm with . or Enter, or press ? or * to list all spells.
A beastly little devil appears in a puff of frigid air.
The killer bee stings you!
* * * LOW HITPOINT WARNING * * *
The killer bee barely misses you.
Unknown command.
Aiming: Magic Dart (safe; 4% risk of failure)
Press: ? - help, Q - select action, (/) - cycle Shift-Dir - straight line, f - killer bee
Aim: a killer bee (lightly wounded, ally target, 100% to hit)
The magic dart hits the killer bee.
The killer bee is heavily wounded.
The killer bee stings you.
* * * LOW HITPOINT WARNING * * *
The killer bee barely misses you.
Aiming: Magic Dart (safe; 4% risk of failure)
Press: ? - help, Q - select action, (/) - cycle Shift-Dir - straight line, f/p - killer bee
Aim: a killer bee (heavily wounded, ally target, 100% to hit)
The magic dart hits the killer bee.
The killer bee is heavily wounded.
The killer bee stings you.
* * * LOW HITPOINT WARNING * * *
The killer bee closely misses you.
Aiming: Magic Dart (safe; 4% risk of failure)
Press: ? - help, Q - select action, (/) - cycle Shift-Dir - straight line, f/p - killer bee
Aim: a killer bee (heavily wounded, ally target, 100% to hit)
The magic dart hits the killer bee.
The killer bee is severely wounded.
The killer bee stings you.
* * * LOW HITPOINT WARNING * * *
You are lethally poisoned!
The killer bee poisons you!
Your white imp misses the killer bee.
The killer bee stings you.
You die...

.###.....##..?..##............#.#
.###......##...##...#########.#.#
...........##W##...## #######.###
........#...###....# #.......#
.###.#.............# #######.#
..................####### #.#
..##....................# #.#
#.##....###.###5..#####.# #.#
............###y@.#####.# ###.#
#.#...................#.###...#
.......##########.#.#.#.....#####
#.#....# #.#...#.###.....#
#.#...## #.#.#.#.# #####.#
#......##########.#.#.#.# #.#
.....รท.........##.#.).#.# #.#
#.#.#.###########.#.#.#.# #.#
#.#.#.###### ###...#.# #.#


You could see a killer bee (ally target), Sin92's ghost and a friendly white imp
(summoned).

Vanquished Creatures
  2 gnolls
  6 adders
  A worm (D:3)
  A dart slug (D:3)
  An orc (D:3)
  5 bats
  8 endoplasms
  3 giant cockroaches
  3 goblins (D:1)
  9 hobgoblins
  2 jackals (D:3)
  2 quokkas
  8 ball pythons
  2 frilled lizards
  2 kobolds
  4 rats
59 creatures vanquished.

Vanquished Creatures (collateral kills)
  An orc (D:3)
1 creature vanquished.

Grand Total: 60 creatures vanquished

Notes
Turn   | Place    | Note
-------+----------+-------------------------------------------
     0 | D:1      | pkoi the Demigod Hedge Wizard began the quest for the Orb.
     0 | D:1      | Reached XP level 1. HP: 14/14 MP: 6/6
    22 | D:1      | Reached skill level 1 in Conjurations
   544 | D:1      | Found Veyghes's Antique Weapon Boutique.
   817 | D:1      | Reached XP level 2. HP: 15/20 MP: 5/8
  1946 | D:2      | Learned a level 2 spell: Blink
  1949 | D:2      | Learned a level 2 spell: Call Imp
  1965 | D:2      | Reached skill level 1 in Summonings
  1965 | D:2      | Reached skill level 1 in Translocations
  1965 | D:2      | Reached XP level 3. HP: 18/26 MP: 5/10
  3227 | D:1      | Reached XP level 4. HP: 18/33 MP: 0/11
  4054 | D:3      | Noticed Sin92's ghost (amateur DsFi)
  4054 | D:3      | Found a runed translucent door.
  4847 | D:2      | Learned a level 3 spell: Mephitic Cloud
  5168 | D:3      | Identified the +10 scale mail of the Eternal Void {rElec
                  | Dex+9 Slay-2}
  5856 | D:3      | HP: 1/33 [killer bee (1)]
  5856 | D:3      | Slain by a killer bee

Illustrated notes

Levels and vault maps discovered:
D:1:      lemuel_arrival_broad_hall, layout_basic,
          hellmonk_ecumenical_altar_lost_god, serial_shops,
          nicolae_shop_statue_plus, minmay_pentomino_p4
D:2:      layout_loops_cross
D:3:      layout_basic, hellmonk_ghost_happy_afterlife, palyth_stone_intersect
D:4:      layout_loops_ring, uniq_menkaure

Skill      XL: |  1  2  3  4 |
---------------+-------------+-----
Conjurations   | 1 2 3 |  3.0
Spellcasting   | 3 |  3.0
Summonings     | 1 2 |  2.0
Translocations | 1 2 |  2.1
Dodging        | |  1.7
Stealth        | |  1.7
Air Magic      | |  0.3
Poison Magic   | |  0.2

Action                   |  1- 3 |  4- 6 || total
-------------------------+-------+-------++-------
Melee: Dagger            |     4 |     1 ||     5
 Cast: Magic Dart        |   125 |    81 ||   206
       Call Imp          |     1 |     3 ||     4
       Blink             |     1 |     2 ||     3
  Use: Scroll            |     2 |     3 ||     5
 Stab: Sleeping          |       |     1 ||     1
Armor: Robe              |     3 |     1 ||     4
Dodge: Dodged            |    14 |    24 ||    38
